 Dungeon Crawl Stone Soup version 0.29-a0-653-gd47aff6735 (webtiles) character file.

Game seed: 14152680486883428098

23 lesaewzxc the Stinger (level 2, 0/15 HPs)
             Began as a Tengu Venom Mage on June 21, 2022.
             Slain by a bat skeleton (1 damage)
             ... on level 2 of the Dungeon.
             The game lasted 00:07:12 (853 turns).

lesaewzxc the Stinger (Tengu Venom Mage)             Turns: 853, Time: 00:07:12

Health: 0/15       AC:  2    Str:  8    XL:     2   Next: 95%
Magic:  3/6        EV: 12    Int: 15    God:
Gold:   8          SH:  0    Dex: 14    Spells: 4/5 levels left

rFire   . . .      SeeInvis .   c - +0 hunting sling
rCold   . . .      Faith    .   (no shield)
rNeg    . . .      Spirit   .   a - +0 robe
rPois   .          Reflect  .   (helmet restricted)
rElec   .          Harm     .   (no cloak)
rCorr   .          Rampage  .   (no gloves)
Will    .....                   (boots unavailable)
Stlth   ++........              (no amulet)
HPRegen 0.05/turn               (no ring)
MPRegen 0.10/turn               (no ring)

@: no status effects
A: beak, talons 3
a: no special abilities


You were on level 2 of the Dungeon.
You visited 1 branch of the dungeon, and saw 2 of its levels.

You collected 8 gold pieces.

Inventory:

Hand Weapons
 c - a +0 hunting sling (weapon)
Armour
 a - a +0 robe (worn)
Jewellery
 d - an amulet of regeneration
Potions
 b - a potion of magic


   Skills:
 + Level 0.1 Fighting
 * Level 0.6(0.7) Slings
 - Level 0.2(0.4) Throwing
 + Level 2.4 Dodging
 - Level 2.1 Stealth
 * Level 2.2 Spellcasting
 + Level 0.5 Conjurations
 - Level 0.9 Transmutations
 + Level 0.4 Air Magic
 + Level 3.1 Poison Magic


You had 4 spell levels left.
You knew the following spells:

 Your Spells              Type           Power      Damage    Failure   Level
a - Sting                 Tmut/Pois      28%        1d4       10%         1

Your spell library contained the following spells:

 Spells                   Type           Power      Damage    Failure   Level
 Poisonous Vapours        Pois/Air       14%        N/A       16%         2
 Mephitic Cloud           Conj/Pois/Air  5%         N/A       36%         3
 Olgreb's Toxic Radiance  Pois           11%        N/A       52%         4
 Chain Lightning          Conj/Air       1%         3d2       100%        9
 Fire Storm               Conj/Fire      1%         7d1       100%        9
 Shatter                  Erth           0%         3d5*      100%        9


Dungeon Overview and Level Annotations

Branches:
Dungeon (2/15)

Altars:

Annotations:
D:2 Sigmund


Innate Abilities, Weirdness & Mutations

You have a beak for a mouth.
You have claws for feet.


Message History

[Y]es or [N]o only, please.
Really attack while wielding your +0 hunting sling?
Okay, then.
A jackal zombie comes into view.
A bat skeleton, Sigmund and a frilled lizard come into view.
The bat skeleton moves out of view.
The bat skeleton misses you.
The bat skeleton hits you but does no damage.
The bat skeleton barely misses you.
The bat skeleton hits you but does no damage. x2
The bat skeleton attacks as you move away!
The bat skeleton hits you but does no damage.
The bat skeleton barely misses you.
The bat skeleton hits you but does no damage.
The bat skeleton hits you but does no damage.
The bat skeleton hits you but does no damage.
The bat skeleton barely misses you.
The endoplasm quivers.
The bat skeleton closely misses you. x2
The bat skeleton hits you but does no damage.
The bat skeleton closely misses you.
The bat skeleton attacks as you move away!
The bat skeleton hits you. The bat skeleton misses you.
The bat skeleton hits you. The endoplasm barely misses you.
The bat skeleton hits you but does no damage.
The bat skeleton closely misses you. The endoplasm freezes you.
You are frozen.
The bat skeleton hits you but does no damage.
The bat skeleton closely misses you. The endoplasm hits you.
* * * LOW HITPOINT WARNING * * *
The bat skeleton hits you.
* * * LOW HITPOINT WARNING * * *
There is a stone staircase leading up here.
You can't go down here!
The bat skeleton hits you but does no damage.
The bat skeleton barely misses you. The endoplasm closely misses you.
The bat skeleton hits you.
You die...

#. .. ##.# ####.# .....
..#.# ......###.#.#
.........@#.# . ....l.#
.........ZJ.+ ......@..#
...........##
......8.Z.#
..........##...........#
..........<...........
#####.....#######...#
#.....#######...#
#.8.............#
#..P.########.###


You could see an endoplasm and a bat skeleton.

Vanquished Creatures
  A dart slug (D:1)
  3 ball pythons (D:1)
  An endoplasm (D:2)
  A giant cockroach (D:1)
  2 goblins (D:1)
  2 hobgoblins (D:1)
  4 bats (D:1)
  A frilled lizard (D:1)
  4 kobolds (D:1)
  A quokka zombie (D:2)
20 creatures vanquished.

Notes
Turn   | Place    | Note
-------+----------+-------------------------------------------
     0 | D:1      | lesaewzxc the Tengu Venom Mage began the quest for the Orb.
     0 | D:1      | Reached XP level 1. HP: 10/10 MP: 4/4
   274 | D:1      | Reached XP level 2. HP: 10/15 MP: 1/6
   839 | D:2      | Noticed Sigmund
   853 | D:2      | Slain by a bat skeleton

Illustrated notes

Levels and vault maps discovered:
D:1:      dpeg_arrival_stonehenge_8_columns, layout_basic
D:2:      layout_basic, serial_undead, serial_undead_a, serial_undead_c,
          serial_undead_b, serial_undead_a, serial_undead_d, serial_undead_a,
          serial_undead_d, grunt_ministairs_4, uniq_sigmund, uniq_natasha

Action                   || total
-------------------------++-------
Melee: Unarmed           ||    11
       Kick              ||     4
       Peck              ||     1
 Fire: Hunting sling     ||    16
 Cast: Sting             ||    27
  Use: Scroll            ||     3
Armor: Robe              ||    27
Dodge: Dodged            ||    25

Table legend: (Time is in decaauts)
 A = Elapsed time spent in this place.
 B = Non-inter-level travel time spent in this place.
 C = Inter-level travel time spent in this place.
 D = Time resting spent in this place.
 E = Time spent auto-exploring this place.
 F = Levels seen in this place.
 G = Mean time per level.
                   A        B        C        D        E       F      G
               +--------+--------+--------+--------+--------+-----+--------+
         Total |    859 |    859 |      0 |      0 |    241 |   2 |  429.5 |
       Dungeon |    859 |    859 |      0 |      0 |    241 |   2 |  429.5 |
               +--------+--------+--------+--------+--------+-----+--------+

Top non-repeatable levels by time:
     D:1: 808 daAuts
     D:2: 51 daAuts
